 Dungeon Crawl Stone Soup version 0.29.1-1-gd02db6906a (webtiles) character file.

Game seed: 6649242199879823360

175 Earthwalker the Shield-Bearer (level 5, -17/47 HPs)
             Began as a Minotaur Fighter on Oct 15, 2022.
             Demolished by an ogre
             ... wielding a +0 giant club
              (22 damage)
             ... on level 4 of the Dungeon.
             The game lasted 00:06:33 (3718 turns).

Earthwalker the Shield-Bearer (Minotaur Fighter)    Turns: 3718, Time: 00:06:34

Health: -17/47     AC:  8    Str: 23    XL:     5   Next: 29%
Magic:  4/4        EV: 10    Int:  5    God:
Gold:   223        SH:  4    Dex:  9    Spells: 4/4 levels left

rFire   . . .      SeeInvis .   a - +1 trident
rCold   + . .      Faith    .   c - +0 buckler
rNeg    . . .      Spirit   .   b - +0 scale mail
rPois   .          Reflect  .   f - +1 hat "Xisucor" {Rampage Drain Fly rC+}
rElec   .          Harm     .   (no cloak)
rCorr   +          Rampage  +   (no gloves)
Will    .....                   (no boots)
Stlth   ..........              v - amulet of magic regeneration
HPRegen 0.15/turn               e - ring of resist corrosion
MPRegen 0.49/turn               (no ring)

@: flying
A: horns 2, retaliatory headbutt
a: no special abilities


You were on level 4 of the Dungeon.
You visited 1 branch of the dungeon, and saw 4 of its levels.

You collected 223 gold pieces.

Inventory:

Hand Weapons
 a - a +1 trident (weapon)
Missiles
 h - 6 poisoned darts (quivered)
Armour
 b - a +0 scale mail (worn)
 c - a +0 buckler (worn)
 f - the +1 hat "Xisucor" (worn) {Rampage Drain Fly rC+}
   (You acquired it on level 2 of the Dungeon)

   rC:        It protects you from cold.
   Fly:       It grants you flight.
   Drain:     It drains your maximum health when unequipped.
   Rampage:   It bestows one free step when moving towards enemies.
Jewellery
 e - a ring of resist corrosion (left hand)
 j - a ring of ice
 v - an amulet of magic regeneration (around neck)
Scrolls
 l - a scroll of teleportation
 n - 3 scrolls of identify
 s - a scroll of enchant weapon
Potions
 d - 2 potions of might
 g - a potion of ambrosia
 i - a potion of mutation {unknown}
 k - a potion of brilliance {unknown}
 m - a potion of magic {unknown}
 o - 2 potions of curing {unknown}
 p - a potion of flight {unknown}
 t - 2 potions of heal wounds {unknown}


   Skills:
 * Level 4.5 Fighting
 * Level 3.8 Polearms
 * Level 4.5 Armour
 * Level 2.1 Dodging
 * Level 4.5 Shields


You had 4 spell levels left.
You didn't know any spells.
Your spell library was empty.

Dungeon Overview and Level Annotations

Branches:
Dungeon (4/15)
 Temple: D:4-7

Altars:
Gozag
Uskayaw

Shops:
D:2 :


Innate Abilities, Weirdness & Mutations

You have a pair of horns on your head.
You reflexively headbutt those who attack you in melee.


Message History

The shadow imp lashes its tail.
The shadow imp grinds its teeth.
You reach to attack!
You hit the shadow imp.
The shadow imp is heavily wounded.
You block the shadow imp's attack.
You puncture the shadow imp!
You kill the shadow imp!
No target in view!
p - a fuming red potion An ogre comes into view.
It is wielding a +0 giant club.
You reach to attack!
You puncture the ogre!
The ogre is moderately wounded.
You barely miss the ogre. Your headbutt misses the ogre.
The ogre is moderately wounded.
The ogre hits you with a +0 giant club!!
You hit the ogre. Your headbutt misses the ogre.
The ogre is moderately wounded.
The ogre hits you with a +0 giant club!
* * * LOW HITPOINT WARNING * * *
You puncture the ogre!
The ogre is heavily wounded.
You closely miss the ogre.
The ogre is heavily wounded.
The ogre closely misses you.
You barely miss the ogre. Your headbutt misses the ogre.
The ogre is heavily wounded.
The ogre closely misses you.
You puncture the ogre!
The ogre is severely wounded.
The ogre hits you with a +0 giant club!
* * * LOW HITPOINT WARNING * * *
You hit the ogre.
The ogre is almost dead.
You hit the ogre.
The ogre is almost dead.
You block the ogre's attack.
You barely miss the ogre.
The ogre is almost dead.
The ogre hits you with a +0 giant club!!
You die...

........######........#
....###..####..≈....~..
...##
##..##.~.~.~.~≈..# ...#
##.....#♣~≈#~~..# ...#
###..~≈.♣~.~♣... ...#
#..♣~~#≈~≈.~.. ...#
#.♣~....♣.≈~.. ####
##~≈.♣.~.~~♣
#.~..@.≈~#. #~≈~.#O.##
##~..#.## #####.. #..
###


You could see an ogre.

Vanquished Creatures
  An orc priest (D:3)
  Terence (D:2)
  Robin (D:2)
  2 adders
  A shadow imp (D:4)
  A worm (D:2)
  4 dart slugs
  4 orcs
  3 endoplasms
  A giant cockroach (D:1)
  9 goblins
  7 hobgoblins
  6 jackals
  2 quokkas (D:2)
  8 ball pythons
  4 bats
  2 frilled lizards (D:2)
  6 kobolds
  8 rats
71 creatures vanquished.

Notes
Turn   | Place    | Note
-------+----------+-------------------------------------------
     0 | D:1      | Earthwalker the Minotaur Fighter began the quest for the
                  | Orb.
     0 | D:1      | Reached XP level 1. HP: 19/19 MP: 0/0
   338 | D:1      | Reached XP level 2. HP: 26/27 MP: 1/1
   517 | D:1      | Reached skill level 1 in Dodging
   703 | D:2      | Identified a scroll of acquirement
   703 | D:2      | Acquired the +1 hat "Xisucor" {Rampage Drain Fly rC+}
   769 | D:2      | Noticed Terence
   780 | D:2      | Killed Terence
   781 | D:2      | Reached XP level 3. HP: 4/33 MP: 2/2
  1263 | D:2      | Reached XP level 4. HP: 40/40 MP: 3/3
  1441 | D:2      | Found Eptohuf's Book Shop.
  1660 | D:2      | Noticed Robin
  1692 | D:2      | Killed Robin
  2748 | D:3      | Reached XP level 5. HP: 47/47 MP: 4/4
  2768 | D:3      | Found a hide-covered altar of Uskayaw.
  2768 | D:3      | Noticed a +0 spear
  2768 | D:3      | Noticed a +0 short sword
  2769 | D:3      | Noticed a +0 short sword
  2769 | D:3      | Noticed a +0 dagger
  2770 | D:3      | Noticed a +0 spear
  2770 | D:3      | Noticed a +0 dagger
  2771 | D:3      | Noticed a +0 falchion
  2771 | D:3      | Noticed a +0 falchion
  3239 | D:3      | Found an opulent altar of Gozag.
  3708 | D:4      | Noticed an ogre
  3718 | D:4      | Demolished by an ogre

Illustrated notes

Levels and vault maps discovered:
D:1:      dpeg_arrival_windows_large_door, layout_rooms, chequers_big_river
D:2:      layout_loops_corners, serial_shops, nicolae_shop_behind_doors,
          hangedman_decor_points, minmay_misc_feat_cross, minivault_4,
          uniq_robin, uniq_terence
D:3:      layout_basic, nicolae_uskayaw_en_pointe, grunt_gozag_breadcrumbs,
          minivault_19
D:4:      layout_rooms, serial_rivers, chequers_serial_rivers_marsh,
          chequers_serial_rivers_large_b, chequers_serial_rivers_micro_d,
          chequers_serial_rivers_micro_b, chequers_serial_rivers_room_b

Skill      XL: |  1  2  3  4 |
---------------+-------------+-----
Dodging        | 1 2 |  2.1
Fighting       | 4 |  4.5
Polearms       | 3 |  3.8
Armour         | 4 |  4.5
Shields        | 4 |  4.5

Action                   |  1- 3 |  4- 6 || total
-------------------------+-------+-------++-------
Melee: Trident           |    78 |   111 ||   189
       Headbutt          |     5 |    10 ||    15
  Use: Scroll            |     4 |     6 ||    10
Armor: Scale mail        |    24 |    32 ||    56
Dodge: Dodged            |    18 |    47 ||    65
Block: Buckler           |    12 |    23 ||    35
